 Dungeon Crawl Stone Soup version 0.24-a0-222-g1ac5efaa63 (webtiles) character file.

Game seed: 15253459496343079363

506 smash999 the Chopper (level 6, -10/51 HPs)
             Began as a Minotaur Fighter on Mar 26, 2019.
             Was a Follower of Hepliaklqana.
             Killed by divine providence
             ... invoked by an orc priest
              (12 damage)
             ... on level 5 of the Dungeon on Mar 31, 2019.
             The game lasted 00:42:13 (4293 turns).

smash999 the Chopper (Minotaur Fighter)             Turns: 4293, Time: 00:42:13

Health: -10/51     AC: 17    Str: 22    XL:     6   Next: 97%
Magic:  5/5        EV:  5    Int:  5    God:    Hepliaklqana [*.....]
Gold:   97         SH: 10    Dex: 12    Spells: 5/5 levels left

rFire    . . .     SeeInvis .   a - +0 war axe
rCold    . . .     Gourm    .   c - +1 shield
rNeg     . . .     Faith    .   N - +0 chain mail
rPois    +         Spirit   .   (helmet restricted)
rElec    .         Reflect  .   x - +2 cloak {+Inv}
rCorr    .         Harm     .   (no gloves)
MR       .....                  (no boots)
Stlth    ..........             (no amulet)
HPRegen  0.17/turn              F - +4 ring of protection
MPRegen  0.09/turn              (no ring)

@: lethally poisoned (-10 -> -26)
A: retaliatory headbutt, reduced essence, horns 2, deterioration 1, poison
resistance, strong 1, wild magic 1
a: Recall Ancestor, Ancestor Identity, Renounce Religion, Evoke Invisibility


You were on level 5 of the Dungeon.
You worshipped Hepliaklqana.
Hepliaklqana was aware of your devotion.
You were hungry.

You visited 1 branch of the dungeon, and saw 5 of its levels.

You collected 97 gold pieces.

Inventory:

Hand Weapons
 a - a +0 war axe (weapon)
 b - a +0 hunting sling
   (You took it off a goblin on level 3 of the Dungeon)
Missiles
 l - 16 arrows
 m - 106 stones (quivered)
 n - 7 needles of frenzy
 t - 65 sling bullets
 I - 2 tomahawks
 K - 19 bolts
 L - 19 poisoned needles
Armour
 c - a +1 shield (worn)
 x - a +2 cloak of invisibility (worn)
   (You took it off Crazy Yiuf on level 2 of the Dungeon)
 N - a +0 chain mail (worn)
   (You found it on level 4 of the Dungeon)
Jewellery
 y - an uncursed ring of teleportation
   (You found it on level 3 of the Dungeon)
 F - a +4 ring of protection (left hand)
   (You found it on level 4 of the Dungeon)
Wands
 s - a wand of iceblast (11)
   (You found it on level 2 of the Dungeon)
Scrolls
 j - a scroll of enchant armour
 r - a scroll of teleportation {unknown}
 v - 2 scrolls of remove curse
 w - a scroll of magic mapping
 D - a scroll of immolation {unknown}
 G - a scroll of fog {unknown}
 H - a scroll of blinking {unknown}
 M - a scroll of identify
Potions
 d - a potion of might
 h - a potion of curing {unknown}
 k - a potion of brilliance {unknown}
 o - 2 potions of cancellation
 q - a potion of haste {unknown}
 A - 2 potions of flight
 C - a potion of degeneration {unknown}
Comestibles
 f - 8 rations


   Skills:
 + Level 5.6 Fighting
 * Level 6.7 Axes
 + Level 5.6 Armour
 - Level 3.6 Shields


You had 5 spell levels left.
You didn't know any spells.
Your spell library was empty.

Dungeon Overview and Level Annotations

Branches:
Dungeon (5/15)
 Temple: D:4-7

Altars:
Ashenzari
Cheibriados
Dithmenos
Fedhas
Hepliaklqana
Kikubaaqudgha
Sif Muna
Yredelemnul


Innate Abilities, Weirdness & Mutations

You reflexively headbutt those who attack you in melee.
You have a pair of horns on your head.
Your life essence is reduced to manifest your ancestor. (-10% HP)
Your body sometimes deteriorates upon taking damage.
Your system is resistant to poisons. (rPois)
Your muscles are strong. (Str +2)
Your spells are a little harder to cast, but a little more powerful.


Message History

The orc priest calls down the wrath of Beogh upon you.
Pain shoots through your body!
* * * LOW HITPOINT WARNING * * *
The orc throws a poisoned tomahawk.
The poisoned tomahawk hits you but does no damage.
You are more poisoned.
The orc priest hits you but does no damage.
You block the orc's attack. You block the orc priest's attack.
The orc priest hits you but does no damage.
Okay, then.
Okay, then.
Okay, then.
It was a potion of mutation.
You feel extremely strange.
You feel yourself wasting away.
You feel resistant to poisons.
You feel less in control of your magic.
You feel stronger.
* * * LOW HITPOINT WARNING * * *
You feel sick. The orc hits you but does no damage.
The orc priest mumbles some strange prayers to Beogh against you.
Beogh smites you!
You die...

......o##
......o@##
......oo)####
............###
......w.......#
.............##
###.....#.....#
.......#....##
.(!%......###
.....###.##
...# #.. ...
...


You could see a worm, 2 orc priests and 2 orcs.

Vanquished Creatures
  An ogre (D:2)
  A scorpion (D:4)
  Crazy Yiuf (D:2)
  A centaur skeleton (D:4)
  An orc wizard (D:5)
  A worker ant (D:4)
  A hound zombie (D:5)
  Robin (D:2)
  2 adders (D:3 D:5)
  3 gnolls (D:4)
  A worm (D:2)
  4 leopard geckos (D:1 D:3)
  11 orcs (D:3 D:4 D:5)
  4 giant cockroaches (D:1 D:3)
  20 goblins (D:1 D:2 D:3)
  8 hobgoblins (D:1 D:2 D:3)
  9 kobolds (D:1 D:2 D:3)
  2 quokkas (D:3 D:4)
  6 bats (D:1 D:2 D:3)
  9 frilled lizards (D:1 D:2 D:3)
  A leopard gecko skeleton (D:4)
  A quokka zombie (D:5)
  10 rats (D:1 D:2 D:3)
99 creatures vanquished.

Vanquished Creatures (collateral kills)
  A howler monkey (D:4)
  A crimson imp (D:5)
  An ooze (D:3)
  An adder skeleton (D:4)
  A goblin (D:3)
  2 frilled lizards (D:3)
7 creatures vanquished.

Vanquished Creatures (others)
  4 ancestors (D:3 D:4)
4 creatures vanquished.

Grand Total: 110 creatures vanquished

Notes
Turn   | Place    | Note
-------+----------+-------------------------------------------
     0 | D:1      | smash999 the Minotaur Fighter began the quest for the Orb.
     0 | D:1      | Reached XP level 1. HP: 19/19 MP: 0/0
   118 | D:1      | Reached XP level 2. HP: 27/27 MP: 1/1
   120 | D:1      | Reached skill level 3 in Axes
   784 | D:2      | Found a snail-covered altar of Cheibriados.
   961 | D:2      | Reached XP level 3. HP: 33/33 MP: 2/2
  1114 | D:2      | Noticed Robin
  1132 | D:2      | Killed Robin
  1132 | D:2      | Reached skill level 4 in Axes
  1508 | D:2      | Found a runed translucent door.
  1509 | D:2      | Noticed Crazy Yiuf
  1815 | D:2      | Killed Crazy Yiuf
  1815 | D:2      | Reached XP level 4. HP: 26/41 MP: 3/3
  2091 | D:2      | Found a hazy altar of Hepliaklqana.
  2098 | D:2      | Became a worshipper of Hepliaklqana the Forgotten
  2102 | D:2      | Found a shadowy altar of Dithmenos.
  2155 | D:2      | Found an ancient bone altar of Kikubaaqudgha.
  2192 | D:2      | Found a snail-covered altar of Cheibriados.
  2759 | D:3      | Reached XP level 5. HP: 42/42 MP: 4/4
  2918 | D:3      | Found a deep blue altar of Sif Muna.
  3054 | D:4      | Reached skill level 5 in Axes
  3056 | D:4      | Noticed an ogre
  3311 | D:4      | Found a shattered altar of Ashenzari.
  3428 | D:4      | Reached skill level 5 in Fighting
  3436 | D:4      | Noticed an ogre
  3497 | D:2      | Killed an ogre
  3497 | D:2      | Reached skill level 5 in Armour
  3497 | D:2      | Reached XP level 6. HP: 21/50 MP: 5/5
  3914 | D:4      | Found a blossoming altar of Fedhas.
  3990 | D:4      | Reached skill level 6 in Axes
  4001 | D:4      | Reached * piety under Hepliaklqana
  4212 | D:5      | Entered Level 5 of the Dungeon
  4215 | D:5      | Upgraded the game from 0.24-a0-203-gf0bc1e94ae to
                  | 0.24-a0-222-g1ac5efaa63
  4274 | D:5      | Found a basalt altar of Yredelemnul.
  4292 | D:5      | HP: 2/51 [orc priest/nerve-wracking pain (14)]
  4293 | D:5      | Gained mutation: Your body sometimes deteriorates upon
                  | taking damage. [potion of mutation]
  4293 | D:5      | Gained mutation: Your system is resistant to poisons.
                  | (rPois) [potion of mutation]
  4293 | D:5      | Gained mutation: Your spells are a little harder to cast,
                  | but a little more powerful. [potion of mutation]
  4293 | D:5      | Gained mutation: Your muscles are strong. (Str +2) [potion
                  | of mutation]
  4293 | D:5      | Killed from afar by an orc priest

Levels and vault maps discovered:
D:1:      minmay_arrival_plants_in_alcoves, layout_basic, hangedman_decor_lopped
D:2:      layout_basic, minitemple, cheibriados_altar_1,
          uniq_crazy_yiuf_cottage, uniq_robin
D:3:      layout_loops_cross, nicolae_overflow_hidden_temple,
          minmay_fractal_squares_diagonal_5
D:4:      layout_basic, lemuel_crystal_altar, fedhas_altar_2, first_ration
D:5:      layout_cave_pools, yredelemnul_altar_generic, vehumet_altar_wand_db,
          uniq_pikel

Skill      XL: |  1  2  3  4  5  6 |
---------------+-------------------+-----
Axes           | 3 4 5 6 |  6.7
Fighting       | 4 5 |  5.6
Armour         | 4 5 |  5.6
Shields        | |  3.6

Action                   |  1- 3 |  4- 6 || total
-------------------------+-------+-------++-------
Melee: War axe           |    88 |    96 ||   184
       Headbutt          |    13 |    16 ||    29
 Fire: Hunting sling     |       |    18 ||    18
Throw: Stone             |       |     6 ||     6
Invok: Ancestor Identity |       |     1 ||     1
Evoke: Wand              |       |     2 ||     2
  Use: Potion            |     1 |     1 ||     2
       Scroll            |       |     5 ||     5
 Stab: Distracted        |       |     1 ||     1
  Eat: Chunk             |     3 |     7 ||    10
Armor: Scale mail        |    38 |    39 ||    77
       Chain mail        |       |    22 ||    22
Dodge: Dodged            |    23 |    34 ||    57
Block: Shield            |    44 |    61 ||   105

Table legend:
 A = Non-vault XP
 B = Vault XP
 C = Vault XP percentage of total XP
 D = Non-vault monster count
 E = Vault monster count
 F = Vault count percentage of total count
                 A         B        C        D         E       F
            +---------+---------+-------+---------+---------+-------
      Total |     625 |      99 |  13.7 |      87 |      19 |  17.9
            +---------+---------+-------+---------+---------+-------
        D:1 |      34 |       0 |   0.0 |      22 |       0 |   0.0
        D:2 |     147 |      79 |  35.0 |      17 |      14 |  45.2
        D:3 |      49 |      20 |  29.0 |      25 |       5 |  16.7
        D:4 |     262 |       0 |   0.0 |      15 |       0 |   0.0
        D:5 |     133 |       0 |   0.0 |       8 |       0 |   0.0
            +---------+---------+-------+---------+---------+-------

Table legend:
 A = Turns spent in this place as a percentage of turns spent in the entire game.
 B = Non-inter-level travel turns spent in this place as a percentage of non-inter-level travel turns spent in the entire game.
 C = Inter-level travel turns spent in this place as a percentage of turns spent in this place.
 D = Turns resting spent in this place as a percentage of non-inter-level travel turns spent in this place.
 E = Turns spent auto-exploring this place as a percentage of non-inter-level travel turns spent in this place.
 F = Non-inter-level travel turns spent in this place divided by the number of levels of this place that you've seen.
                   A       B       C       D       E      F
               +-------+-------+-------+-------+-------+----------------------
         Total | 100.0 | 100.0 |   1.4 |  15.5 |  64.9 | 846.4
       Dungeon | 100.0 | 100.0 |   1.4 |  15.5 |  64.9 | 846.4
               +-------+-------+-------+-------+-------+----------------------

Table legend:
 A = Kills in this place as a percentage of kills in entire the game.
 B = Kills by you in this place as a percentage of kills by you in the entire game.
 C = Kills by friends in this place as a percentage of kills by friends in the entire game.
 D = Other kills in this place as a percentage of other kills in the entire game.
 E = Experience gained in this place as a percentage of experience gained in the entire game.
 F = Experience gained in this place divided by the number of levels of this place that you have seen.
                   A       B       C       D       E      F
               +-------+-------+-------+-------+-------+----------------------
         Total | 100.0 | 100.0 | 100.0 |   N/A | 100.0 | 144.8
       Dungeon | 100.0 | 100.0 | 100.0 |   N/A | 100.0 | 144.8
               +-------+-------+-------+-------+-------+----------------------
